2496 views
Uploaded 2021-08-30 11:22:21
Game version 1.32.10
19:24 long 4on4 ladder game on (8)Northshire_LV
Saved by lowlyworm
2496 views
Uploaded 2021-08-30 11:22:21
Game version 1.32.10
19:24 long 4on4 ladder game on (8)Northshire_LV


120 units @ 18.5k
/ 2.9k
102 buildings @ 16.2k
/ 6.3k



| Healing Salve | 5 | 500 |
| Scroll of Speed | 5 | 250 |
| Lesser Clarity Potion | 6 | 420 |
| Potion of Healing | 2 | 300 |
| Orb of Lightning | 1 | 375 |
| Potion of Mana | 1 | 200 |
| Scroll of Town Portal | 2 | 700 |
| Scroll of Healing | 2 | 500 |
| Boots of Speed | 1 | 250 |
| Scroll of Protection | 1 | 150 |
| Staff of Teleportation | 1 | 150 |
| Scroll of Regeneration | 1 | 100 |
| Staff of Sanctuary | 1 | 250 |
| total: | 29 | 4145g |
| Peon | 12 | 900 | / | 0 |
| Troll Headhunter | 6 | 840 | / | 120 |
| Grunt | 1 | 200 | / | 0 |
| Spirit Walker | 1 | 195 | / | 35 |
| Raider | 1 | 180 | / | 40 |
| Goblin Shredder | 2 | 750 | / | 200 |
| total: | 23 | 3065g | / | 395w |
| Watch Tower | 6 | 660 | / | 480 |
| Altar of Storms | 2 | 360 | / | 100 |
| Orc Burrow | 6 | 960 | / | 240 |
| War Mill | 2 | 410 | / | 0 |
| Barracks | 2 | 360 | / | 100 |
| Voodoo Lounge | 2 | 260 | / | 60 |
| Great Hall | 3 | 1155 | / | 555 |
| Tauren Totem | 1 | 135 | / | 155 |
| Beastiary | 1 | 145 | / | 140 |
| Stronghold | 6 | 1890 | / | 1140 |
| Fortress | 2 | 650 | / | 380 |
| total: | 25 | 4445g | / | 1830w |
| 0:02 | Peon |
| 0:02 | Peon |
| 0:10 | Altar of Storms |
| 0:20 | Orc Burrow |
| 0:24 | Peon |
| 0:32 | Peon |
| 0:51 | War Mill |
| 0:54 | War Mill |
| 0:58 | Peon |
| 1:06 | Barracks |
| 1:17 | Peon |
| 1:35 | Peon |
| 1:49 | Orc Burrow |
| 1:52 | Peon |
| 2:08 | Troll Headhunter |
| 2:14 | Voodoo Lounge |
| 2:22 | Critical Strike |
| 2:31 | Troll Headhunter |
| 3:01 | Troll Headhunter |
| 3:40 | Stronghold |
| 3:43 | Troll Headhunter |
| 3:50 | Healing Salve |
| 3:55 | Healing Salve |
| 4:06 | Wind Walk |
| 4:08 | Troll Headhunter |
| 4:31 | Great Hall |
| 4:59 | Troll Headhunter |
| 5:02 | Orc Burrow |
| 6:10 | Tauren Totem |
| 7:13 | Wind Walk |
| 7:20 | Reinforced Defenses |
| 7:21 | Grunt |
| 7:34 | Scroll of Speed |
| 7:43 | Hex |
| 8:40 | Fortress |
| 8:43 | Steel Ranged Weapons |
| 9:07 | Spirit Walker |
| 9:13 | Healing Salve |
| 9:19 | Scroll of Town Portal |
| 9:20 | Lesser Clarity Potion |
| 9:21 | Potion of Healing |
| 9:26 | Scroll of Speed |
| 9:26 | Lesser Clarity Potion |
| 9:32 | Watch Tower |
| 9:33 | Watch Tower |
| 9:36 | Beastiary |
| 9:39 | Peon |
| 9:40 | Peon |
| 9:40 | Peon |
| 9:40 | Peon |
| 9:51 | Goblin Shredder |
| 9:52 | Goblin Shredder |
| 10:17 | Scroll of Town Portal |
| 10:43 | Scroll of Healing |
| 10:43 | Scroll of Healing |
| 10:49 | Boots of Speed |
| 11:36 | Healing Wave |
| 11:43 | Berserker Upgrade |
| 11:43 | Troll Regeneration |
| 11:56 | Scroll of Protection |
| 12:08 | Orb of Lightning |
| 12:08 | Potion of Healing |
| 12:08 | Potion of Mana |
| 12:09 | Lesser Clarity Potion |
| 12:09 | Healing Salve |
| 12:23 | Critical Strike |
| 12:51 | Raider |
| 13:32 | War Stomp |
| 14:18 | Voodoo Lounge |
| 14:33 | Great Hall |
| 14:36 | Altar of Storms |
| 14:44 | Watch Tower |
| 14:46 | Orc Burrow |
| 15:07 | Orc Burrow |
| 15:10 | Orc Burrow |
| 15:12 | Lesser Clarity Potion |
| 15:17 | Scroll of Regeneration |
| 15:21 | Staff of Sanctuary |
| 16:13 | Barracks |
| 16:16 | Stronghold |
| 16:58 | Critical Strike |
| 17:38 | Staff of Teleportation |
| 17:48 | Stronghold |
| 17:51 | Watch Tower |
| 18:18 | Great Hall |
| 18:29 | Watch Tower |
| 18:30 | Watch Tower |
| 18:31 | Lesser Clarity Potion |
| 18:31 | Lesser Clarity Potion |
| 18:32 | Healing Salve |
| 18:36 | Scroll of Speed |
| 18:36 | Scroll of Speed |
| 18:36 | Scroll of Speed |
| 19:19 | Healing Wave |
| Right click | 919 |
| Select group | 560 |
| Select | 329 |
| Build/train/purchase | 138 |
| Chat | 130 |
| Use ability | 48 |
| Misc. action | 42 |
| Assign group | 19 |
| Minimap ping | 15 |
| Item give/drop | 6 |
| Remove unit | 1 |

| Rod of Necromancy | 2 | 300 |
| Sacrificial Skull | 1 | 50 |
| Dust of Appearance | 1 | 75 |
| Scroll of Healing | 1 | 250 |
| Scroll of Town Portal | 3 | 1050 |
| total: | 8 | 1725g |
| Acolyte | 10 | 750 | / | 0 |
| Ghoul | 20 | 2400 | / | 0 |
| Abomination | 3 | 720 | / | 210 |
| total: | 33 | 3870g | / | 210w |
| Nerubian Tower | 1 | 100 | / | 20 |
| Spirit Tower | 1 | 145 | / | 40 |
| Graveyard | 1 | 215 | / | 0 |
| Crypt | 3 | 600 | / | 150 |
| Altar of Darkness | 2 | 360 | / | 100 |
| Ziggurat | 18 | 2700 | / | 900 |
| Tomb of Relics | 2 | 260 | / | 60 |
| Necropolis | 3 | 675 | / | 0 |
| Slaughterhouse | 2 | 280 | / | 270 |
| Halls of the Dead | 3 | 960 | / | 630 |
| Black Citadel | 2 | 650 | / | 460 |
| total: | 31 | 5090g | / | 1480w |
| 0:06 | Acolyte |
| 0:15 | Graveyard |
| 0:19 | Crypt |
| 0:21 | Acolyte |
| 0:22 | Acolyte |
| 0:46 | Altar of Darkness |
| 0:50 | Altar of Darkness |
| 1:00 | Ziggurat |
| 1:20 | Ghoul |
| 1:29 | Tomb of Relics |
| 1:46 | Ziggurat |
| 1:54 | Ghoul |
| 2:06 | Ghoul |
| 2:27 | Ghoul |
| 2:40 | Ghoul |
| 2:44 | Acolyte |
| 2:58 | Carrion Swarm |
| 3:04 | Rod of Necromancy |
| 3:04 | Dust of Appearance |
| 3:05 | Sacrificial Skull |
| 3:59 | Ghoul |
| 4:00 | Acolyte |
| 4:10 | Vampiric Aura |
| 4:24 | Acolyte |
| 4:24 | Acolyte |
| 4:31 | Ziggurat |
| 4:43 | Acolyte |
| 4:52 | Cannibalize |
| 5:06 | Rod of Necromancy |
| 5:16 | Halls of the Dead |
| 5:28 | Nerubian Tower |
| 5:30 | Ziggurat |
| 5:37 | Ghoul |
| 5:53 | Crypt |
| 6:20 | Ghoul |
| 6:20 | Ghoul |
| 6:33 | Unholy Strength |
| 6:34 | Unholy Armor |
| 6:44 | Carrion Swarm |
| 6:47 | Ghoul |
| 6:47 | Ghoul |
| 6:51 | Crypt |
| 7:10 | Ghoul |
| 7:10 | Ghoul |
| 7:18 | Ghoul |
| 7:24 | Spirit Tower |
| 8:02 | Acolyte |
| 8:02 | Acolyte |
| 8:16 | Necropolis |
| 8:17 | Ziggurat |
| 8:19 | Black Citadel |
| 8:22 | Improved Unholy Strength |
| 8:47 | Ziggurat |
| 8:49 | Ziggurat |
| 9:39 | Slaughterhouse |
| 9:49 | Tomb of Relics |
| 9:58 | Necropolis |
| 10:07 | Improved Unholy Armor |
| 10:33 | Vampiric Aura |
| 10:46 | Ghoul |
| 10:48 | Ghoul Frenzy |
| 10:49 | Advanced Unholy Strength |
| 11:31 | Ghoul |
| 11:32 | Ghoul |
| 11:33 | Disease Cloud |
| 11:37 | Ziggurat |
| 11:50 | Scroll of Healing |
| 11:55 | Slaughterhouse |
| 12:40 | Abomination |
| 13:55 | Carrion Swarm |
| 14:02 | Abomination |
| 14:02 | Abomination |
| 14:43 | Halls of the Dead |
| 15:03 | Ziggurat |
| 15:04 | Ziggurat |
| 15:05 | Ziggurat |
| 15:07 | Ziggurat |
| 15:25 | Necropolis |
| 15:28 | Ziggurat |
| 15:29 | Ziggurat |
| 16:03 | Scroll of Town Portal |
| 16:03 | Scroll of Town Portal |
| 16:11 | Ghoul |
| 16:11 | Ghoul |
| 16:27 | Ziggurat |
| 16:30 | Ziggurat |
| 16:58 | Ziggurat |
| 17:23 | Black Citadel |
| 17:25 | Scroll of Town Portal |
| 17:55 | Ziggurat |
| 18:29 | Halls of the Dead |
| 19:17 | Ghoul |
| Right click | 916 |
| Select group | 811 |
| Select | 370 |
| Chat | 114 |
| Build/train/purchase | 92 |
| Assign group | 64 |
| Misc. action | 64 |
| Use ability | 21 |
| Resource trade | 14 |
| Minimap ping | 6 |
| Item give/drop | 4 |
| Remove unit | 2 |


| Scroll of Regeneration | 4 | 400 |
| Scroll of Town Portal | 1 | 350 |
| total: | 5 | 750g |
| Peasant | 21 | 1575 | / | 0 |
| Gryphon Rider | 15 | 4200 | / | 1050 |
| Goblin Shredder | 1 | 375 | / | 100 |
| total: | 37 | 6150g | / | 1150w |
| Farm | 14 | 1120 | / | 280 |
| Altar of Kings | 1 | 180 | / | 50 |
| Arcane Vault | 1 | 130 | / | 30 |
| Town Hall | 2 | 770 | / | 410 |
| Lumber Mill | 1 | 120 | / | 0 |
| Blacksmith | 1 | 140 | / | 60 |
| Barracks | 1 | 160 | / | 60 |
| Gryphon Aviary | 3 | 420 | / | 450 |
| Workshop | 1 | 140 | / | 140 |
| Keep | 2 | 640 | / | 420 |
| Castle | 1 | 360 | / | 210 |
| total: | 25 | 3180g | / | 1480w |
| 0:03 | Peasant |
| 0:03 | Peasant |
| 0:03 | Peasant |
| 0:03 | Peasant |
| 0:23 | Peasant |
| 0:24 | Peasant |
| 0:31 | Farm |
| 0:40 | Farm |
| 0:45 | Altar of Kings |
| 1:05 | Peasant |
| 1:25 | Peasant |
| 1:25 | Peasant |
| 1:25 | Peasant |
| 1:26 | Peasant |
| 1:26 | Peasant |
| 1:26 | Peasant |
| 1:34 | Arcane Vault |
| 1:49 | Farm |
| 1:56 | Peasant |
| 2:07 | Farm |
| 2:11 | Farm |
| 2:16 | Peasant |
| 2:16 | Peasant |
| 2:16 | Peasant |
| 2:47 | Farm |
| 2:48 | Farm |
| 2:59 | Blizzard |
| 3:41 | Town Hall |
| 3:51 | Keep |
| 4:00 | Scroll of Regeneration |
| 4:18 | Brilliance Aura |
| 5:13 | Goblin Shredder |
| 5:38 | Scroll of Regeneration |
| 6:09 | Peasant |
| 6:09 | Peasant |
| 6:09 | Peasant |
| 6:09 | Peasant |
| 6:19 | Castle |
| 6:24 | Lumber Mill |
| 7:29 | Gryphon Aviary |
| 7:30 | Gryphon Aviary |
| 7:31 | Gryphon Aviary |
| 7:34 | Blacksmith |
| 7:38 | Barracks |
| 7:45 | Farm |
| 7:47 | Farm |
| 7:47 | Farm |
| 7:48 | Farm |
| 7:57 | Improved Lumber Harvesting |
| 8:17 | Brilliance Aura |
| 9:06 | Gryphon Rider |
| 9:07 | Storm Hammers |
| 9:10 | Gryphon Rider |
| 9:12 | Iron Forged Swords |
| 9:13 | Studded Leather Armor |
| 9:30 | Workshop |
| 9:35 | Farm |
| 9:36 | Farm |
| 9:37 | Farm |
| 9:56 | Gryphon Rider |
| 10:02 | Animal War Training |
| 10:05 | Cloud |
| 10:07 | Holy Light |
| 10:29 | Gryphon Rider |
| 10:44 | Gryphon Rider |
| 11:50 | Divine Shield |
| 12:01 | Gryphon Rider |
| 12:01 | Gryphon Rider |
| 12:01 | Gryphon Rider |
| 12:01 | Gryphon Rider |
| 12:36 | Scroll of Regeneration |
| 12:36 | Scroll of Regeneration |
| 12:43 | Gryphon Rider |
| 12:53 | Gryphon Rider |
| 13:19 | Gryphon Rider |
| 13:19 | Gryphon Rider |
| 13:34 | Scroll of Town Portal |
| 13:49 | Blizzard |
| 14:36 | Devotion Aura |
| 14:52 | Gryphon Rider |
| 14:52 | Gryphon Rider |
| 17:23 | Town Hall |
| 17:47 | Keep |
| Right click | 360 |
| Select | 233 |
| Build/train/purchase | 71 |
| Resource trade | 43 |
| Use ability | 39 |
| Chat | 25 |
| Assign group | 23 |
| Select group | 10 |
| Misc. action | 4 |
| Item give/drop | 2 |
| Minimap ping | 1 |


| Rod of Necromancy | 1 | 150 |
| Scroll of Town Portal | 3 | 1050 |
| total: | 4 | 1200g |
| Acolyte | 7 | 525 | / | 0 |
| Ghoul | 4 | 480 | / | 0 |
| Gargoyle | 6 | 1050 | / | 180 |
| Frost Wyrm | 6 | 2310 | / | 720 |
| Meat Wagon | 1 | 230 | / | 50 |
| Obsidian Statue | 2 | 400 | / | 70 |
| Goblin Shredder | 1 | 375 | / | 100 |
| total: | 27 | 5370g | / | 1120w |
| Nerubian Tower | 1 | 100 | / | 20 |
| Spirit Tower | 1 | 145 | / | 40 |
| Crypt | 3 | 600 | / | 150 |
| Altar of Darkness | 1 | 180 | / | 50 |
| Ziggurat | 9 | 1350 | / | 450 |
| Tomb of Relics | 1 | 130 | / | 30 |
| Graveyard | 1 | 215 | / | 0 |
| Necropolis | 1 | 225 | / | 0 |
| Slaughterhouse | 2 | 280 | / | 270 |
| Boneyard | 3 | 525 | / | 600 |
| Halls of the Dead | 1 | 320 | / | 210 |
| Black Citadel | 1 | 325 | / | 230 |
| total: | 21 | 3505g | / | 1550w |
| 0:05 | Acolyte |
| 0:05 | Acolyte |
| 0:14 | Crypt |
| 0:16 | Altar of Darkness |
| 0:49 | Ziggurat |
| 1:21 | Ghoul |
| 1:21 | Ghoul |
| 1:22 | Ghoul |
| 1:57 | Nerubian Tower |
| 1:59 | Ghoul |
| 2:19 | Tomb of Relics |
| 2:24 | Ziggurat |
| 2:38 | Death Coil |
| 2:48 | Halls of the Dead |
| 3:09 | Crypt |
| 3:20 | Graveyard |
| 3:37 | Rod of Necromancy |
| 4:08 | Ziggurat |
| 4:49 | Ziggurat |
| 5:07 | Unholy Aura |
| 5:27 | Black Citadel |
| 6:04 | Gargoyle |
| 6:05 | Gargoyle |
| 7:04 | Goblin Shredder |
| 7:10 | Gargoyle |
| 7:35 | Death Coil |
| 8:03 | Acolyte |
| 8:03 | Acolyte |
| 8:03 | Acolyte |
| 8:03 | Acolyte |
| 8:03 | Acolyte |
| 8:09 | Crypt |
| 8:11 | Creature Attack |
| 8:53 | Stone Form |
| 8:54 | Gargoyle |
| 9:02 | Unholy Aura |
| 9:09 | Necropolis |
| 9:56 | Gargoyle |
| 10:15 | Scroll of Town Portal |
| 11:52 | Boneyard |
| 11:53 | Boneyard |
| 12:33 | Gargoyle |
| 12:37 | Ziggurat |
| 12:37 | Ziggurat |
| 12:38 | Ziggurat |
| 12:38 | Ziggurat |
| 12:40 | Improved Creature Attack |
| 12:41 | Creature Carapace |
| 13:30 | Freezing Breath |
| 13:30 | Frost Wyrm |
| 13:30 | Frost Wyrm |
| 14:50 | Slaughterhouse |
| 14:50 | Slaughterhouse |
| 14:53 | Frost Wyrm |
| 15:05 | Impale |
| 15:10 | Scroll of Town Portal |
| 15:25 | Death Coil |
| 16:04 | Frost Wyrm |
| 16:05 | Frost Wyrm |
| 16:18 | Meat Wagon |
| 16:21 | Spirit Tower |
| 17:24 | Ziggurat |
| 17:35 | Disease Cloud |
| 17:41 | Frost Wyrm |
| 17:47 | Boneyard |
| 18:06 | Destroyer Form |
| 18:07 | Obsidian Statue |
| 18:08 | Obsidian Statue |
| 18:49 | Scroll of Town Portal |
| Right click | 347 |
| Select | 250 |
| Build/train/purchase | 61 |
| Chat | 24 |
| Use ability | 19 |
| Misc. action | 15 |
| Assign group | 8 |
| Select group | 8 |
| Resource trade | 6 |
| Item give/drop | 2 |
186 units @ 26.4k
/ 4.1k
76 buildings @ 10.6k
/ 4.5k

| Lesser Clarity Potion | 4 | 280 |
| Healing Salve | 2 | 200 |
| Potion of Healing | 3 | 450 |
| Orb of Lightning | 1 | 375 |
| Scroll of Town Portal | 2 | 700 |
| Potion of Lesser Invulnerability | 1 | 150 |
| Scroll of Regeneration | 1 | 100 |
| total: | 14 | 2255g |
| Peon | 14 | 1050 | / | 0 |
| Troll Headhunter | 7 | 980 | / | 140 |
| Troll Berserker | 14 | 1960 | / | 280 |
| Tauren | 4 | 1120 | / | 320 |
| Shaman | 8 | 1040 | / | 160 |
| total: | 47 | 6150g | / | 900w |
| Orc Burrow | 7 | 1120 | / | 280 |
| War Mill | 1 | 205 | / | 0 |
| Altar of Storms | 1 | 180 | / | 50 |
| Barracks | 3 | 540 | / | 150 |
| Voodoo Lounge | 1 | 130 | / | 30 |
| Great Hall | 1 | 385 | / | 185 |
| Spirit Lodge | 1 | 150 | / | 150 |
| Tauren Totem | 1 | 135 | / | 155 |
| Stronghold | 1 | 315 | / | 190 |
| Fortress | 1 | 325 | / | 190 |
| total: | 16 | 2845g | / | 1000w |
| 0:04 | Peon |
| 0:05 | Peon |
| 0:05 | Peon |
| 0:05 | Peon |
| 0:06 | Peon |
| 0:06 | Peon |
| 0:24 | Orc Burrow |
| 0:41 | War Mill |
| 1:00 | Altar of Storms |
| 1:17 | Peon |
| 1:17 | Peon |
| 1:35 | Orc Burrow |
| 1:50 | Peon |
| 1:50 | Peon |
| 2:02 | Barracks |
| 2:22 | Barracks |
| 2:43 | Spiked Barricades |
| 2:52 | Orc Burrow |
| 3:04 | Voodoo Lounge |
| 3:10 | Feral Spirit |
| 3:23 | Stronghold |
| 3:34 | Troll Headhunter |
| 3:55 | Troll Headhunter |
| 4:09 | Troll Headhunter |
| 4:16 | Troll Headhunter |
| 4:37 | Steel Ranged Weapons |
| 4:38 | Troll Headhunter |
| 4:51 | Chain Lighting |
| 4:53 | Troll Headhunter |
| 5:07 | Troll Headhunter |
| 5:44 | Fortress |
| 6:18 | Great Hall |
| 6:30 | Troll Regeneration |
| 6:36 | Steel Armor |
| 6:45 | Feral Spirit |
| 6:56 | Spirit Lodge |
| 7:05 | Tauren Totem |
| 7:24 | Orc Burrow |
| 7:28 | Thorium Ranged Weapons |
| 7:35 | Lesser Clarity Potion |
| 7:35 | Healing Salve |
| 7:36 | Potion of Healing |
| 8:10 | Berserker Upgrade |
| 8:12 | Shaman Adept Training |
| 8:23 | Potion of Lesser Invulnerability |
| 8:42 | Orc Burrow |
| 9:33 | Chain Lighting |
| 9:43 | Orc Burrow |
| 9:45 | Shaman Master Training |
| 9:46 | Arcanite Ranged Weapons |
| 9:49 | Troll Berserker |
| 9:52 | Tauren |
| 9:58 | Peon |
| 9:59 | Peon |
| 9:59 | Peon |
| 9:59 | Peon |
| 10:20 | Troll Berserker |
| 10:55 | Shaman |
| 10:55 | Shaman |
| 10:57 | Troll Berserker |
| 12:28 | Troll Berserker |
| 12:46 | Thorium Armor |
| 12:47 | Troll Berserker |
| 12:49 | Shaman |
| 12:50 | Shaman |
| 12:51 | Tauren |
| 12:52 | Pulverize |
| 12:57 | Orc Burrow |
| 13:01 | Barracks |
| 13:20 | Troll Berserker |
| 13:24 | Troll Berserker |
| 14:09 | Feral Spirit |
| 14:28 | Scroll of Town Portal |
| 14:29 | Healing Salve |
| 14:40 | Lesser Clarity Potion |
| 14:44 | Orb of Lightning |
| 14:45 | Potion of Healing |
| 15:02 | Tauren |
| 15:06 | Shaman |
| 15:07 | Troll Berserker |
| 16:07 | Earth Quake |
| 16:34 | Troll Berserker |
| 16:36 | Tauren |
| 16:38 | Shaman |
| 16:38 | Shaman |
| 16:43 | Scroll of Town Portal |
| 16:44 | Lesser Clarity Potion |
| 16:45 | Potion of Healing |
| 16:49 | Scroll of Regeneration |
| 16:59 | Lesser Clarity Potion |
| 17:05 | Troll Berserker |
| 17:20 | Troll Berserker |
| 17:44 | Shaman |
| 17:45 | Troll Berserker |
| 18:13 | Troll Berserker |
| 18:16 | Troll Berserker |
| Select group | 190 |
| Right click | 148 |
| Select | 144 |
| Build/train/purchase | 100 |
| Use ability | 50 |
| Assign group | 25 |
| Item give/drop | 6 |

| Orb of Venom | 1 | 325 |
| Scroll of Healing | 1 | 250 |
| Potion of Lesser Invulnerability | 1 | 150 |
| Circlet of Nobility | 1 | 175 |
| total: | 4 | 900g |
| Wisp | 12 | 720 | / | 0 |
| Archer | 36 | 4680 | / | 360 |
| Mountain Giant | 2 | 700 | / | 200 |
| Goblin Shredder | 2 | 750 | / | 200 |
| total: | 52 | 6850g | / | 760w |
| Altar of Elders | 1 | 180 | / | 50 |
| Moon Well | 4 | 720 | / | 160 |
| Ancient of War | 1 | 150 | / | 60 |
| Hunter's Hall | 1 | 210 | / | 100 |
| Ancient of Wonders | 1 | 90 | / | 30 |
| Tree of Life | 1 | 340 | / | 185 |
| Ancient of Lore | 2 | 310 | / | 290 |
| Tree of Ages | 2 | 640 | / | 360 |
| Tree of Eternity | 1 | 330 | / | 200 |
| total: | 11 | 2000g | / | 875w |
| 0:06 | Altar of Elders |
| 0:07 | Moon Well |
| 0:09 | Wisp |
| 0:09 | Wisp |
| 0:30 | Ancient of War |
| 0:36 | Wisp |
| 0:46 | Wisp |
| 0:53 | Wisp |
| 1:02 | Wisp |
| 1:20 | Wisp |
| 1:32 | Archer |
| 1:32 | Archer |
| 1:32 | Archer |
| 1:32 | Archer |
| 1:32 | Archer |
| 1:32 | Archer |
| 1:32 | Archer |
| 1:32 | Archer |
| 1:32 | Archer |
| 1:32 | Archer |
| 1:33 | Archer |
| 1:33 | Archer |
| 1:47 | Moon Well |
| 2:05 | Trueshot Aura |
| 2:28 | Moon Well |
| 2:46 | Archer |
| 2:47 | Archer |
| 3:14 | Archer |
| 3:20 | Hunter's Hall |
| 3:36 | Archer |
| 4:03 | Archer |
| 4:05 | Tree of Ages |
| 4:07 | Searing Arrows |
| 4:25 | Ancient of Wonders |
| 4:35 | Archer |
| 4:36 | Archer |
| 5:05 | Archer |
| 5:22 | Goblin Shredder |
| 5:22 | Goblin Shredder |
| 5:54 | Moon Well |
| 6:05 | Strength of the Moon |
| 6:07 | Moon Armor |
| 6:59 | Archer |
| 6:59 | Improved Bows |
| 7:12 | Improved Strength of the Moon |
| 7:15 | Tree of Eternity |
| 7:37 | Archer |
| 8:04 | Ultravision |
| 8:17 | Improved Moon Armor |
| 9:17 | Trueshot Aura |
| 9:37 | Marksmanship |
| 9:38 | Advanced Strength of the Moon |
| 9:39 | Well Spring |
| 10:44 | Scroll of Healing |
| 10:44 | Potion of Lesser Invulnerability |
| 10:46 | Circlet of Nobility |
| 11:32 | Archer |
| 11:32 | Archer |
| 11:32 | Archer |
| 11:32 | Archer |
| 11:32 | Archer |
| 12:31 | Archer |
| 12:32 | Archer |
| 12:32 | Archer |
| 12:35 | Searing Arrows |
| 14:10 | Archer |
| 14:10 | Archer |
| 14:10 | Archer |
| 14:10 | Archer |
| 14:10 | Archer |
| 14:34 | Archer |
| 14:36 | Advanced Moon Armor |
| 14:39 | Orb of Venom |
| 14:44 | Ancient of Lore |
| 14:45 | Ancient of Lore |
| 15:30 | Tree of Life |
| 16:11 | Trueshot Aura |
| 16:53 | Hardened Skin |
| 16:53 | Resistant Skin |
| 16:54 | Mountain Giant |
| 16:55 | Mountain Giant |
| 17:34 | Wisp |
| 17:34 | Wisp |
| 17:34 | Wisp |
| 17:35 | Wisp |
| 18:38 | Wisp |
| 19:04 | Starfall |
| Right click | 733 |
| Select | 159 |
| Select group | 111 |
| Build/train/purchase | 95 |
| Misc. action | 26 |
| Assign group | 24 |
| Use ability | 4 |
| Esc | 1 |
| Minimap ping | 1 |

| Lesser Clarity Potion | 1 | 70 |
| Scroll of Town Portal | 2 | 700 |
| Healing Salve | 1 | 100 |
| total: | 4 | 870g |
| Peasant | 15 | 1125 | / | 0 |
| Footman | 7 | 945 | / | 0 |
| Siege Engine | 32 | 6240 | / | 1920 |
| Goblin Shredder | 1 | 375 | / | 100 |
| total: | 55 | 8685g | / | 2020w |
| Scout Tower | 3 | 90 | / | 60 |
| Guard Tower | 1 | 70 | / | 50 |
| Altar of Kings | 1 | 180 | / | 50 |
| Barracks | 1 | 160 | / | 60 |
| Farm | 15 | 1200 | / | 300 |
| Town Hall | 2 | 770 | / | 410 |
| Lumber Mill | 1 | 120 | / | 0 |
| Blacksmith | 1 | 140 | / | 60 |
| Arcane Vault | 1 | 130 | / | 30 |
| Workshop | 5 | 700 | / | 700 |
| Keep | 1 | 320 | / | 210 |
| Castle | 2 | 720 | / | 420 |
| total: | 30 | 3490g | / | 1670w |
| 0:02 | Peasant |
| 0:03 | Peasant |
| 0:03 | Peasant |
| 0:03 | Peasant |
| 0:20 | Altar of Kings |
| 0:35 | Barracks |
| 0:37 | Farm |
| 0:40 | Peasant |
| 0:46 | Peasant |
| 0:54 | Peasant |
| 1:04 | Farm |
| 1:07 | Peasant |
| 1:17 | Peasant |
| 1:38 | Farm |
| 1:40 | Peasant |
| 1:41 | Footman |
| 1:42 | Footman |
| 1:56 | Farm |
| 2:03 | Footman |
| 2:03 | Footman |
| 2:19 | Footman |
| 2:25 | Peasant |
| 2:25 | Peasant |
| 2:29 | Summon Water Elemental |
| 2:45 | Peasant |
| 2:48 | Footman |
| 3:11 | Footman |
| 3:27 | Brilliance Aura |
| 3:44 | Town Hall |
| 4:04 | Lumber Mill |
| 4:21 | Keep |
| 5:37 | Goblin Shredder |
| 6:06 | Scout Tower |
| 6:07 | Scout Tower |
| 6:09 | Scout Tower |
| 6:11 | Improved Masonry |
| 6:12 | Improved Lumber Harvesting |
| 6:37 | Peasant |
| 6:37 | Peasant |
| 6:44 | Guard Tower |
| 6:46 | Blacksmith |
| 6:48 | Farm |
| 6:48 | Farm |
| 6:55 | Farm |
| 6:57 | Castle |
| 8:03 | Black Gunpowder |
| 8:03 | Iron Plating |
| 8:17 | Workshop |
| 8:19 | Workshop |
| 8:23 | Workshop |
| 8:27 | Workshop |
| 8:40 | Advanced Lumber Harvesting |
| 8:41 | Advanced Masonry |
| 8:50 | Workshop |
| 9:10 | Arcane Vault |
| 9:24 | Refined Gunpowder |
| 9:33 | Healing Salve |
| 9:33 | Lesser Clarity Potion |
| 9:43 | Siege Engine |
| 9:58 | Siege Engine |
| 10:07 | Farm |
| 10:08 | Farm |
| 10:11 | Farm |
| 10:12 | Farm |
| 10:12 | Farm |
| 10:13 | Farm |
| 10:21 | Siege Engine |
| 10:34 | Farm |
| 10:51 | Siege Engine |
| 11:08 | Siege Engine |
| 11:11 | Steel Plating |
| 11:30 | Farm |
| 11:35 | Blizzard |
| 11:47 | Siege Engine |
| 11:47 | Siege Engine |
| 12:20 | Siege Engine |
| 12:20 | Siege Engine |
| 12:29 | Barrage |
| 13:13 | Siege Engine |
| 13:13 | Siege Engine |
| 13:52 | Siege Engine |
| 13:52 | Siege Engine |
| 13:52 | Siege Engine |
| 14:13 | Siege Engine |
| 14:13 | Siege Engine |
| 14:20 | Imbued Gunpowder |
| 14:20 | Mithril Plating |
| 14:21 | Siege Engine |
| 14:21 | Siege Engine |
| 14:45 | Siege Engine |
| 14:45 | Siege Engine |
| 15:11 | Siege Engine |
| 15:32 | Siege Engine |
| 15:32 | Siege Engine |
| 15:44 | Scroll of Town Portal |
| 15:58 | Blizzard |
| 16:16 | Siege Engine |
| 16:16 | Siege Engine |
| 16:29 | Blizzard |
| 16:30 | Scroll of Town Portal |
| 17:14 | Town Hall |
| 17:28 | Siege Engine |
| 17:30 | Siege Engine |
| 17:53 | Siege Engine |
| 17:53 | Siege Engine |
| 18:14 | Siege Engine |
| 19:06 | Siege Engine |
| 19:06 | Siege Engine |
| Right click | 384 |
| Select | 289 |
| Build/train/purchase | 117 |
| Select group | 92 |
| Misc. action | 91 |
| Assign group | 13 |
| Use ability | 10 |
| Esc | 2 |
| Minimap ping | 1 |


| Scroll of Regeneration | 3 | 300 |
| Potion of Healing | 2 | 300 |
| Scroll of Town Portal | 2 | 700 |
| total: | 7 | 1300g |
| Peasant | 8 | 600 | / | 0 |
| Footman | 7 | 945 | / | 0 |
| Rifleman | 10 | 2050 | / | 300 |
| Priest | 5 | 675 | / | 50 |
| Spell Breaker | 2 | 430 | / | 60 |
| total: | 32 | 4700g | / | 410w |
| Scout Tower | 2 | 60 | / | 40 |
| Arcane Tower | 1 | 70 | / | 50 |
| Guard Tower | 1 | 70 | / | 50 |
| Barracks | 2 | 320 | / | 120 |
| Farm | 8 | 640 | / | 160 |
| Altar of Kings | 1 | 180 | / | 50 |
| Lumber Mill | 1 | 120 | / | 0 |
| Arcane Vault | 1 | 130 | / | 30 |
| Blacksmith | 1 | 140 | / | 60 |
| Town Hall | 1 | 385 | / | 205 |
| Arcane Sanctum | 2 | 300 | / | 280 |
| Keep | 1 | 320 | / | 210 |
| Castle | 1 | 360 | / | 210 |
| total: | 19 | 2275g | / | 945w |
| 0:04 | Peasant |
| 0:04 | Peasant |
| 0:04 | Peasant |
| 0:04 | Peasant |
| 0:09 | Barracks |
| 0:18 | Peasant |
| 0:27 | Farm |
| 0:49 | Altar of Kings |
| 0:55 | Peasant |
| 1:11 | Farm |
| 1:20 | Footman |
| 1:54 | Scout Tower |
| 2:05 | Footman |
| 2:05 | Footman |
| 2:08 | Footman |
| 2:21 | Lumber Mill |
| 2:24 | Farm |
| 2:28 | Footman |
| 2:36 | Peasant |
| 2:48 | Arcane Tower |
| 3:10 | Arcane Vault |
| 3:14 | Holy Light |
| 3:17 | Footman |
| 3:51 | Keep |
| 3:59 | Farm |
| 4:28 | Scout Tower |
| 4:44 | Blacksmith |
| 5:01 | Farm |
| 5:03 | Guard Tower |
| 5:07 | Improved Lumber Harvesting |
| 5:14 | Footman |
| 5:56 | Devotion Aura |
| 6:21 | Barracks |
| 6:29 | Scroll of Town Portal |
| 6:30 | Scroll of Regeneration |
| 6:35 | Potion of Healing |
| 6:35 | Potion of Healing |
| 7:14 | Rifleman |
| 7:18 | Rifleman |
| 7:53 | Storm Bolt |
| 7:58 | Rifleman |
| 8:18 | Rifleman |
| 8:33 | Farm |
| 8:36 | Farm |
| 8:55 | Black Gunpowder |
| 9:17 | Farm |
| 10:15 | Arcane Sanctum |
| 10:20 | Castle |
| 10:23 | Arcane Sanctum |
| 10:57 | Divine Shield |
| 11:13 | Long Rifles |
| 11:14 | Rifleman |
| 11:31 | Refined Gunpowder |
| 11:37 | Priest Adept Training |
| 11:37 | Priest |
| 11:38 | Priest |
| 12:32 | Bash |
| 12:41 | Priest Master Training |
| 12:45 | Priest |
| 12:49 | Iron Plating |
| 13:18 | Rifleman |
| 14:13 | Storm Bolt |
| 14:30 | Rifleman |
| 14:33 | Holy Light |
| 14:40 | Scroll of Town Portal |
| 14:45 | Scroll of Regeneration |
| 14:57 | Rifleman |
| 16:12 | Priest |
| 16:13 | Priest |
| 16:15 | Spell Breaker |
| 16:21 | Devotion Aura |
| 16:29 | Rifleman |
| 17:00 | Scroll of Regeneration |
| 17:11 | Town Hall |
| 17:18 | Bash |
| 17:22 | Rifleman |
| 18:23 | Steel Plating |
| 18:26 | Iron Forged Swords |
| 18:28 | Spell Breaker |
| 18:33 | Peasant |
| Right click | 432 |
| Select group | 269 |
| Select | 173 |
| Misc. action | 98 |
| Build/train/purchase | 71 |
| Assign group | 34 |
| Use ability | 31 |
| Minimap ping | 16 |
| Remove unit | 3 |
| Item give/drop | 2 |
⇛